Map: Sous-marin EC

Players

MaSa - Winner!

  • Race: Terran Terran
  • Spawn Location: 11:00

FireFoX

  • Race: Zerg Zerg
  • Spawn Location: 5:00

Event: DreamHack SC2 Masters 2020 Summer North America

VOD

Have the link to the VOD?

Description

Time

  • Played on: June 30, 2020, 3:15 p.m.
  • Length: 10:33

All games in this series

Show
View Real Time Build Order
Export as new Build Order

MaSa Terran - Winner!

Build Orders: Reaper Expand, Hellion Banshee 

Get SALT Encoding   

  12  0:00  SCV  
  13  0:12  SCV  
  14  0:17  Supply Depot  
  14  0:24  SCV  
  15  0:38  SCV  
  15  0:40  Barracks  
  15  0:42  Refinery  
  16  0:50  SCV  
  17  1:02  SCV  
  18  1:14  SCV  
  19  1:26  Orbital Command, Reaper  
  20  1:38  Command Center  
  20  1:46  Supply Depot  
  20  1:52  SCV  
  21  1:58  Marine  
  22  2:04  SCV  
  23  2:11  Factory  
  23  2:18  Refinery, SCV  
  23  2:20  Barracks Reactor  
  24  2:30  SCV  
  25  2:42  SCV  
  27  2:54  Orbital Command  
  26  2:59  Starport  
  26  3:02  SCV  
  26  3:03  Hellion x2  
  31  3:09  Barracks Tech Lab  
  30  3:14  SCV  
  31  3:20  SCV  
  31  3:22  Supply Depot  
  31  3:25  Hellion x2  
  31  3:27  SCV  
  37  3:32  SCV  
  38  3:38  Barracks Tech Lab  
  38  3:39  SCV  
  38  3:41  Banshee, Cloaking Field  
  39  3:47  SCV  
  43  3:49  Hellion x2  
  43  3:52  Supply Depot  
  43  3:53  SCV  
  48  3:58  Stimpack, Marine  
  48  4:00  SCV  
  50  4:06  SCV  
  51  4:12  SCV  
  52  4:18  SCV  
  52  4:20  Command Center  
  53  4:24  Supply Depot, SCV  
  53  4:30  Banshee, SCV  
  58  4:37  SCV  
  59  4:42  SCV, Factory Tech Lab  
  59  4:43  Bunker  
  59  4:44  Bunker  
  60  4:48  Barracks  
  60  4:51  SCV  
  61  4:56  Marine, Barracks  
  62  5:02  Siege Tank  
  62  5:03  SCV  
  66  5:11  SCV  
  67  5:19  Engineering Bay x2  
  68  5:21  SCV  
  68  5:22  Starport Reactor  
  66  5:28  SCV  
  63  5:38  SCV  
  60  5:43  SCV  
  60  5:47  Terran Infantry Weapons Level 1, Terran Infantry Armor Level 1  
  61  5:50  Supply Depot  
  61  5:51  Combat Shield, Marine  
  61  5:54  Refinery  
  61  5:56  Refinery, SCV  
  63  5:58  Barracks Reactor  
  63  6:00  Orbital Command, SCV  
  63  6:03  Supply Depot  
  64  6:08  SCV  
  65  6:12  Marine x3  
  65  6:14  Barracks  
  65  6:16  Barracks  
  65  6:17  SCV  
  69  6:23  Siege Tank  
  69  6:24  SCV  
  73  6:30  Marine x2, SCV  
  73  6:31  Marine  
  78  6:34  Orbital Command  
  78  6:39  Supply Depot, Marine x2  
  79  6:44  SCV  
  80  6:48  Marine x2, Medivac x2  
  80  6:49  Marine  
  80  6:52  SCV  
  88  6:56  Marine  
  88  6:57  Siege Tank, SCV  
  88  6:59  Supply Depot  
  93  7:07  SCV x2  
  95  7:09  SCV  
  95  7:12  Supply Depot  
  95  7:13  Marine  
  95  7:14  Marine  
  95  7:15  Barracks Reactor  
  98  7:16  Barracks Reactor  
  98  7:19  Armory, SCV x2  
  98  7:21  SCV  
  101  7:24  Marine  
  102  7:31  SCV x2  
  102  7:36  Marine x4  
  108  7:37  Concussive Shells, Medivac  
  108  7:38  Medivac  
  112  7:49  Marine  
  112  7:50  Siege Tank, SCV  
  117  7:53  Supply Depot  
  117  7:54  Supply Depot  
  117  7:58  Marine x2  
  117  7:59  Marine, SCV  
  107  8:05  SCV  
  107  8:07  Medivac  
  107  8:09  Command Center, SCV  
  107  8:10  Refinery  
  111  8:14  Marine x3  
  111  8:15  Marine x2  
  111  8:18  Medivac  
  111  8:19  SCV x2  
  118  8:26  SCV  
  119  8:28  Refinery  
  119  8:31  SCV x2  
  119  8:32  Supply Depot  
  116  8:37  Medivac  
  116  8:38  SCV  
  119  8:42  Supply Depot  
  119  8:43  Supply Depot, SCV  
  119  8:49  SCV  
  119  8:50  SCV  
  119  8:51  Marine x2  
  119  8:52  Marine x5  
  128  8:56  Marine x2  
  128  8:57  Medivac  
  125  9:06  Siege Tank, SCV  
  125  9:09  Marine x4  
  131  9:10  Marine x2  
  131  9:11  SCV  
  131  9:14  Factory  
  131  9:16  Medivac  
  138  9:18  Marine x3  
  138  9:22  SCV  
  138  9:23  SCV  
  143  9:27  Marine x3  
  146  9:34  Supply Depot  
  146  9:35  Supply Depot  
  146  9:38  Marine x6  
  149  9:45  Marine  
  153  9:46  Marine x2  
  155  9:55  Marine  
  155  9:56  Marine  
  155  9:57  Marine x4  
  161  10:02  Marine  
  161  10:03  Marine  
  161  10:04  Marine  
  168  10:13  Marine x2, Factory Reactor  
  172  10:15  Marine x4, SCV  
Show
View Real Time Build Order
Export as new Build Order

FireFoX Zerg 

Build Orders: Hatch First 

Get SALT Encoding   

  12  0:01  Drone  
  13  0:08  Drone  
  14  0:17  Overlord  
  14  0:21  Extractor  
  14  0:22  Drone  
  15  0:35  Drone x2  
  17  0:51  Hatchery  
  17  0:54  Drone  
  17  0:57  Extractor  
  17  0:59  Drone  
  17  1:13  Spawning Pool  
  17  1:17  Drone  
  17  1:21  Drone  
  18  1:27  Drone  
  19  1:38  Overlord  
  19  2:00  Metabolic Boost  
  19  2:01  Queen, Zergling x4  
  21  2:05  Queen  
  25  2:09  Drone  
  25  2:12  Drone  
  27  2:16  Drone  
  27  2:20  Drone  
  29  2:23  Evolution Chamber  
  29  2:30  Drone  
  30  2:44  Queen  
  30  2:48  Drone x3  
  35  2:57  Drone  
  35  2:58  Overlord  
  36  3:03  Drone  
  36  3:12  Roach Warren  
  35  3:15  Hatchery  
  34  3:22  Overlord  
  34  3:29  Overlord  
  34  3:42  Zergling x2  
  35  3:55  Roach  
  37  3:56  Roach x6  
  37  4:02  Zergling x10  
  54  4:14  Zergling x4  
  56  4:22  Overlord  
  55  4:37  Zergling x2  
  55  4:38  Zergling x12  
  58  4:44  Zergling x4  
  60  4:47  Zergling x4  
  60  4:50  Zergling x2  
  63  4:56  Zergling x4  
  63  4:59  Zergling x2  
  66  5:04  Ravager, Zergling x2  
  66  5:05  Ravager  
  66  5:06  Zergling x2  
  68  5:10  Zergling x2  
  67  5:16  Zergling x4  
  69  5:27  Zergling x6  
  63  5:30  Zergling x4  
  63  5:33  Zergling x8  
  57  5:41  Drone x3  
  49  5:45  Spore Crawler  
  49  5:46  Spore Crawler  
  48  5:50  Drone x2  
  48  5:52  Drone  
  48  5:56  Drone x4  
  48  5:57  Drone x2  
  56  5:59  Spore Crawler  
  56  6:02  Queen  
  56  6:10  Lair  
  56  6:12  Drone x3  
  58  6:25  Drone x3  
  59  6:33  Drone x2  
  59  6:35  Extractor  
  59  6:38  Drone x3  
  63  6:40  Roach  
  63  6:41  Overlord x2  
  63  6:44  Drone  
  66  6:49  Baneling Nest  
  63  7:06  Drone x3  
  63  7:07  Drone x8  
  73  7:15  Overseer  
  71  7:17  Drone x2  
  73  7:24  Evolution Chamber, Drone x4  
  73  7:25  Evolution Chamber, Drone  
  76  7:30  Hatchery  
  76  7:33  Centrifical Hooks  
  75  7:37  Baneling x4  
  75  7:38  Zergling x6  
  75  7:39  Zergling x4  
  75  7:40  Baneling  
  79  7:45  Overlord  
  79  7:46  Baneling  
  79  7:52  Overlord  
  77  8:05  Zergling x2  
  66  8:06  Zergling x2  
  66  8:07  Zergling x22  
  66  8:09  Queen x2  
  82  8:12  Zerg Ground Armor Level 1  
  82  8:18  Zergling x2  
  82  8:19  Zergling x8  
  82  8:20  Zergling x2  
  82  8:27  Zergling x2  
  82  8:29  Zergling x6  
  82  8:33  Zergling x6  
  77  8:34  Baneling  
  77  8:35  Baneling x3  
  77  8:36  Zergling x2  
  77  8:44  Zergling x2  
  77  8:45  Zergling x4  
  75  8:49  Queen, Zergling x2  
  75  8:50  Queen  
  75  8:52  Baneling x2  
  75  8:53  Baneling  
  75  8:54  Baneling  
  80  8:56  Zergling x4  
  80  8:59  Zergling x4  
  74  9:05  Zergling x4  
  74  9:09  Baneling  
  73  9:10  Baneling x2  
  73  9:11  Zergling x2  
  73  9:14  Zergling x2  
  73  9:15  Zergling x2  
  76  9:19  Zergling x2  
  76  9:24  Baneling x2  
  77  9:26  Overlord x2  
  77  9:28  Hatchery  
  76  9:34  Extractor  
  72  9:39  Drone  
  72  9:44  Overlord x2, Queen  
  75  9:48  Spore Crawler  
  75  9:49  Overseer  
  74  9:53  Drone x2  
  74  9:54  Drone  
  74  9:57  Zergling x12  
  74  9:58  Hatchery  
  74  9:59  Baneling x4  
  77  10:11  Zergling x14  
Tags
 
Add a new tag
Caveats
  • Supply blocks, unpowered buildings, or Contaminate may cause inaccurate times.
  • Supply counts are checked every 10 seconds.